 Dungeon Crawl Stone Soup version 0.30.1-4-g462c640d31 (webtiles) character file.

Game seed: 17983110955932573642

3245 Anriel the Skirmisher (level 9, -6/54 HPs)
             Began as a Deep Elf Hunter on Sept 1, 2023.
             Was an Initiate of Gozag.
             Mangled by a sun demon (22 damage)
             ... summoned by a kobold demonologist
             ... on level 7 of the Dungeon.
             The game lasted 00:46:23 (8110 turns).

Anriel the Skirmisher (Deep Elf Hunter)             Turns: 8110, Time: 00:46:23

Health: -6/54      AC:  7    Str: 14    XL:     9   Next: 67%
Magic:  18/18      EV: 17    Int: 21    God:    Gozag
Gold:   229        SH:  0    Dex: 22    Spells: 18/18 levels left

rFire   . . .        a - +1 shortbow (freeze)
rCold   . . .        (shield currently unavailable)
rNeg    . . .        c - +1 leather armour
rPois   .            (no helmet)
rElec   .            (no cloak)
rCorr   .            D - +0 pair of gloves of Eternity {*Corrode Will+++ Int+6}
SInv    +            v - +0 pair of boots
Will    +++..        (no amulet)
Stlth   +++          o - ring of see invisible
HPRegen 0.29/turn    m - +6 ring of strength
MPRegen 0.16/turn

%: corrode self (3%)
@: about to teleport, hasted, very quick
A: no striking features
a: Renounce Religion, Potion Petition, Call Merchant, Bribe Branch


You were on level 7 of the Dungeon.
You worshipped Gozag.
Gozag was aware of your devotion.
You visited 2 branches of the dungeon, and saw 8 of its levels.
You also visited: Ossuary.

You collected 1172 gold pieces.
You spent 304 gold pieces at shops.
You paid 639 gold pieces to Gozag.

Inventory:

Hand Weapons
 a - a +1 shortbow of freezing (weapon)
 t - a +0 demon whip
 y - a +0 arbalest
Missiles
 p - 2 throwing nets
Armour
 c - a +1 leather armour (worn)
 n - the +4 scale mail of Integrity {rF+}
   (You took it off an orc on level 3 of the Dungeon)

   rF:        It protects you from fire.
 v - a +0 pair of boots (worn)
 D - the +0 pair of gloves of Eternity (worn) {*Corrode Will+++ Int+6}
   (You bought it in a shop on level 7 of the Dungeon)

   Int:       It affects your intelligence (+6).
   *Corrode:  It may corrode you when you take damage.
   Will:      It greatly increases your willpower.
Jewellery
 f - a ring of ice
 m - a +6 ring of strength (right hand)
 o - a ring of see invisible (left hand)
 x - a ring of positive energy
Scrolls
 b - 2 scrolls of immolation
 q - 2 scrolls of poison
 r - 2 scrolls of fear
 u - 2 scrolls of magic mapping
 w - a scroll of enchant weapon
 A - a scroll of silence
Potions
 d - 3 potions of flight
 e - a potion of might {unknown}
 g - a potion of lignification {unknown}
 h - 5 potions of brilliance
 i - 2 potions of cancellation
 j - a potion of haste
 k - 2 potions of heal wounds {unknown}
 l - a potion of experience {unknown}
 s - 2 potions of degeneration {unknown}
 z - 3 potions of berserk rage


   Skills:
 - Level 5.0 Fighting
 * Level 10.8 Ranged Weapons
 - Level 5.0 Armour
 + Level 7.4 Dodging
 - Level 5.0 Stealth
 - Level 5.0 Spellcasting


You had 18 spell levels left.
You didn't know any spells.
Your spell library contained the following spells:

 Spells                   Type           Power      Damage    Failure   Level
 Beastly Appendage        Tmut           10%        N/A       13%         1
 Blink                    Tloc           10%        N/A       21%         2
 Lesser Beckoning         Tloc           10%        N/A       21%         2
 Momentum Strike          Conj/Tloc      10%        3d8       21%         2
 Sublimation of Blood     Necr           5%         N/A       21%         2
 Wereblood                Tmut           5%         N/A       21%         2
 Spider Form              Tmut/Pois      5%         N/A       36%         3
 Summon Guardian Golem    Hex/Summ       5%         N/A       36%         3
 Vhi's Electric Charge    Tloc/Air       10%        N/A       36%         3
 Arcjolt                  Conj/Air       2%         1d12      98%         5
 Blade Hands              Tmut           2%         N/A       98%         5
 Irradiate                Conj/Tmut      2%         3d12      98%         5
 Dragon Form              Tmut           2%         N/A       100%        7
 Orb of Destruction       Conj           2%         9d5       100%        7
 Spellforged Servitor     Conj/Summ      2%         N/A       100%        7
 Summon Hydra             Summ           2%         N/A       100%        7
 Maxwell's Capacitive Co  Air            2%         ∞         100%        8


Dungeon Overview and Level Annotations

Branches:
Dungeon (7/15)             Temple (1/1) D:4         Ossuary (visited)

Altars:
Ashenzari
Cheibriados
Dithmenos
Elyvilon
Fedhas
Gozag
Hepliaklqana
Kikubaaqudgha
Makhleb
Nemelex Xobeh
Qazlal
Sif Muna
Trog
Uskayaw
Vehumet
Wu Jian
Xom
Yredelemnul
Zin
The Shining One

Shops:
D:7 [

Annotations:
D:7 Joseph


Message History

The kobold demonologist hits you with a +4 dagger.
The kobold demonologist is distracted by your dazzling golden aura.
The ynoxinul gestures.
The kobold demonologist hits you with a +4 dagger.
You feel better.
The ufetubus disappears in a puff of smoke!
The smoke demon is distracted by your dazzling golden aura.
The kobold demonologist hits you but does no damage.
You feel yourself speed up.
The kobold demonologist is no longer distracted by gold.
The smoke demon is no longer distracted by gold.
The kobold demonologist casts a spell.
The smoke demon roars!
You hear a shout!
You shoot an arrow. The arrow hits the kobold demonologist!
The arrow freezes the kobold demonologist.
The kobold demonologist is heavily wounded.
The kobold demonologist casts a spell.
The kobold is distracted by your dazzling golden aura.
The kobold demonologist closely misses you.
The sun demon barely misses you.
You shoot an arrow. The kobold shouts!
The arrow hits the kobold demonologist.
The arrow freezes the kobold demonologist.
The kobold demonologist is severely wounded.
You feel yourself speed up.
The kobold demonologist hits you with a +1 dagger of speed.
The sun demon hits you.
You are engulfed in flames!
* * * LOW HITPOINT WARNING * * *
The kobold demonologist gestures wildly while chanting.
The kobold demonologist closely misses you.
You hear a shout!
The kobold is no longer distracted by gold.
The sun demon misses you.
The kobold demonologist looks encouraged for a moment.
Okay, then.
As you read the scroll of teleportation, it crumbles to dust.
You feel strangely unstable. The sun demon hits you!!
You die...
Your body crumbles into a pile of gold. ##..........# #55 #.......#.. 5KK

#.......#.. 3K#
#......##.# ##3K
###....##.# .K#
####.##.#### #3#
#####...)...####.#
#.......###.##.3K#
#.......# #.##@###
#....>..# #....#
#..∩....# ######
#.......#
#.......#
#.......#
#.......#
#.......#
#########


You could see 2 sun demons and a kobold demonologist.

Vanquished Creatures
  Grinder (D:6)
  Sigmund (D:4)
  Menkaure (D:4)
  3 water moccasins
  3 ice beasts
  A sky beast (D:6)
  3 ogres
  3 bullfrogs (D:6)
  3 kobold brigands
  4 scorpions
  A howler monkey (D:3)
  4 hounds
  3 orc priests (D:3)
  6 iguanas
  A jelly (D:6)
  8 orc wizards
  8 mummies (Ossuary)
  21 gnolls
  7 adders
  A shadow imp (D:6)
  An ufetubus (D:6)
  3 dart slugs
  3 worms
  47 orcs
  10 ball pythons
  4 endoplasms
  3 giant cockroaches
  2 goblins
  3 hobgoblins
  12 jackals (D:3)
  9 kobolds
  A quokka (D:2)
  7 bats
  3 frilled lizards
  2 gnoll zombies (Ossuary)
  2 hobgoblin zombies (Ossuary)
  3 kobold zombies (Ossuary)
  An orc zombie (Ossuary)
  7 rats
206 creatures vanquished.

Notes
Turn   | Place    | Note
-------+----------+-------------------------------------------
     0 | D:1      | Anriel the Deep Elf Hunter began the quest for the Orb.
     0 | D:1      | Reached XP level 1. HP: 12/12 MP: 3/3
   276 | D:1      | Reached XP level 2. HP: 17/17 MP: 4/4
   964 | D:2      | Reached XP level 3. HP: 22/22 MP: 5/5
  2048 | D:3      | Reached XP level 4. HP: 20/27 MP: 6/6
  2444 | D:3      | Reached skill level 1 in Armour
  2444 | D:3      | Reached XP level 5. HP: 32/32 MP: 7/7
  2559 | D:3      | Noticed an ogre
  2594 | D:3      | Reached XP level 6. HP: 20/37 MP: 8/8
  2910 | D:3      | Identified the +4 scale mail of Integrity {rF+}
  3088 | D:3      | Reached skill level 5 in Dodging
  3088 | D:3      | Reached XP level 7. HP: 18/41 MP: 9/9
  3600 | D:4      | Noticed Menkaure
  3744 | D:4      | Reached skill level 5 in Stealth
  4106 | D:4      | Found a staircase to the Ecumenical Temple.
  4115 | Temple   | Entered the Ecumenical Temple
  4553 | Temple   | Became a worshipper of Gozag Ym Sagoz the Greedy
  4931 | D:5      | Entered Level 5 of the Dungeon
  5406 | D:5      | Reached skill level 6 in Ranged Weapons
  5749 | D:5      | Reached XP level 8. HP: 43/48 MP: 10/10
  6174 | D:6      | Reached skill level 5 in Armour
  6224 | D:6      | Reached skill level 7 in Ranged Weapons
  6654 | D:6      | Reached skill level 5 in Fighting
  6663 | D:6      | Reached skill level 1 in Spellcasting
  6795 | D:6      | Reached skill level 8 in Ranged Weapons
  7046 | D:4      | Killed Menkaure
  7059 | D:4      | Noticed Sigmund
  7078 | D:4      | Killed Sigmund
  7079 | D:4      | Reached XP level 9. HP: 39/54 MP: 14/14
  7404 | D:6      | Reached skill level 9 in Ranged Weapons
  7484 | D:6      | Noticed Grinder
  7494 | D:6      | Killed Grinder
  7696 | D:7      | Noticed Joseph
  7742 | D:6      | Reached skill level 10 in Ranged Weapons
  7794 | D:7      | Found a sand-covered staircase.
  7802 | Ossuary  | Entered an ossuary
  8075 | D:7      | Bought a pair of distressingly furry gloves for 304 gold
                  | pieces
  8075 | D:7      | Identified the +0 pair of gloves of Eternity {*Corrode
                  | Will+++ Int+6} (You bought it in a shop on level 7 of the
                  | Dungeon)
  8092 | D:7      | Noticed a kobold demonologist
  8095 | D:7      | Noticed a kobold demonologist
  8096 | D:7      | Noticed a kobold demonologist
  8098 | D:7      | Noticed a sun demon
  8101 | D:7      | Reached skill level 5 in Spellcasting
  8103 | D:7      | Noticed a smoke demon
  8106 | D:7      | Noticed a sun demon
  8110 | D:7      | Mangled by a sun demon

Illustrated notes

Levels and vault maps discovered:
D:1:      ebering_hopf_link, layout_loops_ring, serial_glass, glass_columns_a,
          glass_columns_a, item_on_display_a, due_unseen_surprise,
          feat_on_display, chequers_serial_rivers_small_b
D:2:      layout_loops_corners, chequers_decorated_corner,
          minmay_misc_feat_nine_boxes, chequers_avenue,
          kennysheep_generic_room_5
D:3:      lemuel_castle_with_subvaults [lemuel_castle_interior_carwin_3],
          layout_loops_cross, amcnicky_mini_pool_small
D:4:      layout_basic, temple_pool_b, amethyst_killhole,
          nicolae_nh_ransacked_shop, uniq_menkaure, uniq_sigmund
D:5:      layout_loops_ring, kennysheep_generic_room_3
D:6:      layout_basic, serial_corexii_hall, chequers_hall_statues_corner_a,
          corexii_hall_statues_l, corexii_hall_statues_i,
          corexii_hall_statues_u, st_stairs_9, ebering_dispersal_statue_hall,
          uniq_grinder
D:7:      nzn_winding_woodlands_three_and_one [nzn_winding_woodlands_5x15_pool,
          nzn_winding_woodlands_5x15_pockets, nzn_winding_woodlands_5x15_parted,
          nzn_winding_woodlands_center_pierced_h], layout_basic,
          enter_ossuary_3, uniq_joseph
Temple:   mainiacjoe_temple_big_plus

Skill      XL: |  1  2  3  4  5  6  7  8  9 |
---------------+----------------------------+-----
Fighting       | 2 3 5 |  5.0
Stealth        | 2 3 4 5 |  5.0
Dodging        | 3 4 5 6 7 |  7.4
Armour         | 1 2 3 4 5 |  5.0
Ranged Weapons | 6 8 10 | 10.8
Spellcasting   | 2 5 |  5.0

Action                     |  1- 3 |  4- 6 |  7- 9 || total
---------------------------+-------+-------+-------++-------
  Melee: Shortbow          |       |       |     8 ||     8
   Fire: Shortbow          |    96 |   224 |   426 ||   746
  Throw: Throwing net      |       |       |     3 ||     3
 Invoke: Call Merchant     |       |       |     1 ||     1
    Use: Scroll            |    10 |       |    13 ||    23
         Potion            |       |       |     8 ||     8
 Armour: Leather armour    |    10 |    22 |    33 ||    65
  Dodge: Dodged            |    27 |    78 |   153 ||   258
